 Dungeon Crawl Stone Soup version 0.29.1-1-gd02db6906a (webtiles) character file.

Game seed: 14451506525851011845

7404 Icepheonix32 the Nimble (level 11, -7/77 HPs)
             Began as a Merfolk Transmuter on Oct 5, 2022.
             Was a Believer of Sif Muna.
             Mangled by a sun demon (10 damage)
             ... summoned by a kobold demonologist
             ... on level 10 of the Dungeon.
             The game lasted 00:24:32 (11553 turns).

Icepheonix32 the Nimble (Merfolk Transmuter)       Turns: 11553, Time: 00:24:33

Health: -7/77      AC:  9    Str: 16    XL:     11   Next: 14%
Magic:  13/17      EV: 17    Int: 21    God:    Sif Muna [**....]
Gold:   175        SH:  0    Dex: 15    Spells: 12/19 levels left

rFire   . . .      SeeInvis .   z - +8 spear "Xaskeutz" {freeze, Fragile rPois rC+ Will+}
rCold   + . .      Faith    .   (no shield)
rNeg    . . .      Spirit   .   a - +0 robe
rPois   +          Reflect  .   (no helmet)
rElec   .          Harm     .   (no cloak)
rCorr   .          Rampage  .   o - +0 pair of gloves
Will    +....                   n - +1 pair of boots "Unny" {+Inv Fly Int+4}
Stlth   +++.......              f - amulet of the acrobat
HPRegen 0.22/turn               B - +6 ring of strength
MPRegen 0.15/turn               w - +4 ring of protection

@: wereblooded, flying
A: (nimble swimmer 2), mertail
a: Renounce Religion, Evoke Invisibility, Channel Magic


You were on level 10 of the Dungeon.
You worshipped Sif Muna.
Sif Muna was pleased with you.
You visited 2 branches of the dungeon, and saw 11 of its levels.

You collected 476 gold pieces.
You spent 301 gold pieces at shops.

Inventory:

Hand Weapons
 c - a +2 spear of venom
 z - the +8 spear "Xaskeutz" (weapon) {freeze, Fragile rPois rC+ Will+}
   (You found it on level 5 of the Dungeon)

   It freezes those it strikes, dealing additional cold damage.
   It can also slow down cold-blooded creatures.
   rC:        It protects you from cold.
   rPois:     It protects you from poison.
   Fragile:   It will be destroyed if unequipped.
   Will:      It increases your willpower.
Missiles
 q - 2 javelins
 I - 2 datura-tipped darts
 N - a curare-tipped dart
Armour
 a - a +0 robe (worn)
 n - the +1 pair of boots "Unny" (worn) {+Inv Fly Int+4}
   (You found it on level 2 of the Dungeon)

   Int:       It affects your intelligence (+4).
   +Inv:      It lets you turn invisible.
   Fly:       It grants you flight.
 o - a +0 pair of gloves (worn)
 r - an orb of wrath
Jewellery
 e - a ring of protection from fire
 f - an amulet of the acrobat (around neck)
 l - a ring of ice
 s - an amulet of regeneration
 w - a +4 ring of protection (right hand)
 A - a ring of magical power
 B - a +6 ring of strength (left hand)
 O - an amulet of faith
 Q - a ring of flight
Wands
 b - a wand of flame (9)
 i - a wand of charming (1)
 E - a wand of iceblast (15)
 G - a wand of quicksilver (19)
 P - a wand of polymorph (3)
Scrolls
 g - 2 scrolls of enchant weapon
 j - 2 scrolls of silence
 m - a scroll of brand weapon
 p - 2 scrolls of torment
 v - a scroll of immolation
 y - 4 scrolls of vulnerability
 C - a scroll of teleportation
 D - a scroll of enchant armour
 F - a scroll of amnesia
 M - a scroll of fear
 R - a scroll of poison
Potions
 d - 3 potions of curing
 h - a potion of might
 k - 2 potions of brilliance
 t - a potion of attraction
 u - a potion of invisibility
 x - 3 potions of resistance
 H - a potion of cancellation
 J - a potion of mutation
 K - a potion of heal wounds
 L - a potion of degeneration


   Skills:
 + Level 4.2 Fighting
 + Level 7.6 Polearms
 + Level 0.1 Throwing
 * Level 10.6 Dodging
 + Level 3.8 Stealth
 * Level 9.4 Unarmed Combat
 + Level 4.6 Spellcasting
 * Level 8.5 Transmutations
 * Level 6.5 Ice Magic
 + Level 0.3 Evocations


You had 12 spell levels left.
You knew the following spells:

 Your Spells              Type           Power      Damage    Failure   Level
a - Beastly Appendage     Tmut           80%        N/A       1%          1
b - Wereblood             Tmut           40%        N/A       1%          2
c - Ice Form              Ice/Tmut       36%        N/A       4%          4

Your spell library contained the following spells:

 Spells                   Type           Power      Damage    Failure   Level
 Spider Form              Tmut/Pois      22%        N/A       6%          3
 Foxfire                  Conj/Fire      16%        2x1d4     12%         1
 Call Canine Familiar     Summ           4%         N/A       34%         3
 Conjure Flame            Conj/Fire      4%         6-21      34%         3
 Dazzling Flash           Conj/Hex       8%         N/A       34%         3
 Inner Flame              Hex/Fire       4%         N/A       34%         3
 Portal Projectile        Hex/Tloc       8%         N/A       34%         3
 Flame Wave               Conj/Fire      4%         2d5       75%         4
 Iskenderun's Mystic Bla  Conj/Tloc      4%         2d3       75%         4
 Leda's Liquefaction      Hex/Erth       2%         N/A       75%         4
 Starburst                Conj/Fire      2%         6d3       100%        6


Dungeon Overview and Level Annotations

Branches:
Dungeon (10/15)            Temple (1/1) D:4            Lair (0/5) D:8
    Orc: D:9-12

Altars:
Ashenzari
Cheibriados
Dithmenos
Elyvilon
Fedhas
Gozag
Hepliaklqana
Kikubaaqudgha
Makhleb
Nemelex Xobeh
Okawaru
Qazlal
Ru
Sif Muna
Trog
Uskayaw
Vehumet
Wu Jian
Yredelemnul
Zin
The Shining One

Shops:
D:1 :   D:6 **


Innate Abilities, Weirdness & Mutations

((You are very nimble when in or above water. (Stealth+, EV+, Speed+++)))
Your lower body shifts to a powerful aquatic tail in water.


Message History

The kobold demonologist is almost dead.
The kobold brigand hits you with a +0 short sword.
The sun demon completely misses you.
Unknown command.
You closely miss the kobold demonologist.
You punch the kobold demonologist, but do no damage.
The kobold demonologist is almost dead.
The sun demon closely misses you.
The kobold demonologist miscasts a cantrip.
The kobold brigand hits you with a +0 short sword.
Unknown command.
You closely miss the kobold demonologist.
The kobold demonologist is almost dead.
You howl as the wereblood boils in your veins!
The sun demon hits you!
You are engulfed in flames!
* * * LOW HITPOINT WARNING * * *
The kobold brigand hits you with a +0 short sword.
* * * LOW HITPOINT WARNING * * *
The kobold demonologist completely misses you.
The kobold closely misses you.
You feel much better. The sun demon barely misses you.
The kobold completely misses you.
The kobold demonologist drinks a potion.
The kobold demonologist is healed!
The kobold brigand hits you with a +0 short sword.
You barely miss the kobold demonologist.
The kobold demonologist is lightly wounded.
The sun demon hits you.
* * * LOW HITPOINT WARNING * * *
You are engulfed in flames!
* * * LOW HITPOINT WARNING * * *
Unknown command.
You feel much better.
The kobold hits you with a +0 short sword.
The kobold brigand hits you with a +0 short sword.
The kobold demonologist hits you but does no damage.
The sun demon hits you!!
* * * LOW HITPOINT WARNING * * *
You are engulfed in flames!
You die...

..###..###...## #.....#
............... ...... .#
#######'######' #.... ..#
................#...#...#
................#...#...#
............... '.......#
............... #5......#
#################3K.....#
###############.@KK5....#
...##.........#.KK3.....#
...##.........#..####...#
...##.........#..# ..#
...##.........'..# .#
############..#....... #
....########..###.....
....#.....##....#......
....'.....##....#......


You could see a sun demon (summoned), a kobold demonologist, a ynoxinul
(summoned), a kobold brigand, 2 ufetubi and 3 kobolds.

Vanquished Creatures
  A two-headed ogre (D:8)
  A centaur warrior (D:9)
  Joseph (D:9)
  A troll (D:8)
  Grinder (D:6)
  2 wyverns
  A yak (D:9)
  A steam dragon (D:9)
  Edmund (D:6)
  A water moccasin (D:4)
  2 black bears
  2 orc warriors
  A wolf (D:8)
  An ogre (D:5)
  A centaur (D:6)
  2 phantoms
  6 kobold brigands
  Blork the orc (D:4)
  A necrophage (D:5)
  4 bullfrogs
  2 scorpions (D:7)
  A gnoll sergeant (D:8)
  37 killer bees
  6 howler monkeys
  An electric eel (D:8)
  5 orc priests
  6 hounds
  A gnoll bouda (D:6)
  2 iguanas
  14 orc wizards
  14 gnolls
  9 adders
  2 ufetubi
  3 worms
  A dart slug (D:3)
  38 orcs
  7 ball pythons
  4 bats
  2 endoplasms
  3 giant cockroaches
  9 hobgoblins
  4 jackals (D:1)
  23 kobolds
  4 quokkas
  3 frilled lizards
  8 goblins
  5 rats
246 creatures vanquished.

Vanquished Creatures (others)
  An orc warrior (D:8)
  A black bear (D:5)
  An orc wizard (D:5)
  A butterfly (D:3)
4 creatures vanquished.

Grand Total: 250 creatures vanquished

Notes
Turn   | Place    | Note
-------+----------+-------------------------------------------
     0 | D:1      | Icepheonix32 the Merfolk Transmuter began the quest for the
                  | Orb.
     0 | D:1      | Reached XP level 1. HP: 15/15 MP: 3/3
    20 | D:1      | Reached skill level 3 in Dodging
    20 | D:1      | Reached XP level 2. HP: 5/21 MP: 3/5
   314 | D:1      | Found Nezate's Book Shop.
   594 | D:1      | Reached XP level 3. HP: 26/26 MP: 4/6
  1375 | D:2      | Reached skill level 1 in Polearms
  1375 | D:2      | Reached XP level 4. HP: 30/32 MP: 5/7
  1715 | D:2      | Learned a level 2 spell: Wereblood
  1720 | D:2      | Learned a level 4 spell: Ice Form
  1934 | D:2      | Identified the +1 pair of boots "Unny" {+Inv Fly Int+4}
  2019 | D:3      | Reached XP level 5. HP: 28/37 MP: 8/8
  2631 | D:3      | Found a white marble altar of Elyvilon.
  2806 | D:3      | Reached skill level 1 in Ice Magic
  2880 | D:3      | Reached skill level 4 in Dodging
  2886 | D:3      | Reached XP level 6. HP: 31/43 MP: 10/10
  3341 | D:4      | Noticed a water moccasin
  3350 | D:4      | Killed a water moccasin
  3499 | D:4      | Reached skill level 1 in Stealth
  3595 | D:4      | Found a staircase to the Ecumenical Temple.
  3687 | D:4      | Found a stormy altar of Qazlal.
  3802 | D:4      | Reached XP level 7. HP: 49/49 MP: 11/11
  3867 | Temple   | Entered the Ecumenical Temple
  3926 | D:4      | Noticed Blork the orc
  3936 | D:4      | Killed Blork the orc
  4036 | D:4      | Reached skill level 5 in Unarmed Combat
  4236 | D:5      | Entered Level 5 of the Dungeon
  4277 | D:5      | Identified the +8 spear "Xaskeutz" {freeze, Fragile rPois
                  | rC+ Will+}
  4376 | D:5      | Reached skill level 5 in Dodging
  4376 | D:5      | Reached skill level 5 in Transmutations
  4401 | D:5      | Found a radiant altar of Vehumet.
  4566 | D:5      | Found a bloodstained altar of Trog.
  4638 | D:5      | Reached XP level 8. HP: 56/56 MP: 7/12
  5138 | D:5      | Reached skill level 5 in Polearms
  5226 | D:6      | Noticed Edmund
  5236 | D:6      | Killed Edmund
  5590 | D:6      | Noticed Grinder
  5598 | D:6      | Paralysed by Grinder for 4 turns
  5606 | D:6      | Killed Grinder
  5607 | D:6      | Reached skill level 6 in Dodging
  5791 | D:6      | Found Noyduka's Assorted Antiques.
  5799 | D:6      | Bought a sedimented sapphire potion for 21 gold pieces
  5799 | D:6      | Bought a bubbling ruby potion for 21 gold pieces
  5799 | D:6      | Bought a viscous clear potion for 21 gold pieces
  5820 | D:6      | Found Beizeg Vuk's General Store.
  5826 | D:6      | Bought a potion of cancellation for 112 gold pieces
  5826 | D:6      | Bought a scroll of noise for 14 gold pieces
  5826 | D:6      | Bought a potion of mutation for 112 gold pieces
  6533 | D:7      | Found a hide-covered altar of Uskayaw.
  6703 | D:6      | Reached XP level 9. HP: 42/62 MP: 14/14
  7152 | D:7      | Found a shimmering blue altar of Sif Muna.
  7174 | D:7      | Became a worshipper of Sif Muna the Loreminder
  7401 | D:8      | Reached skill level 7 in Dodging
  7446 | D:8      | Reached skill level 5 in Ice Magic
  7705 | D:7      | Reached * piety under Sif Muna
  8345 | D:8      | Reached skill level 8 in Dodging
  8389 | D:8      | Noticed a troll
  8395 | D:8      | Noticed a two-headed ogre
  8399 | D:8      | Killed a troll
  8581 | D:8      | Killed a two-headed ogre
  8582 | D:8      | Reached XP level 10. HP: 68/70 MP: 6/16
  8722 | D:8      | Found a staircase to the Lair.
  9549 | D:9      | Noticed Joseph
  9560 | D:9      | Killed Joseph
  9561 | D:9      | Reached skill level 9 in Dodging
  9853 | D:9      | Reached ** piety under Sif Muna
 10128 | D:9      | Found a broken altar of Ashenzari.
 10137 | D:9      | Noticed a centaur warrior
 10145 | D:9      | Killed a centaur warrior
 10176 | D:9      | Found a snail-covered altar of Cheibriados.
 10203 | D:9      | Found an ornate altar of the Wu Jian Council.
 10524 | D:10     | Entered Level 10 of the Dungeon
 10726 | D:10     | Reached XP level 11. HP: 48/77 MP: 15/17
 10809 | D:10     | Reached skill level 10 in Dodging
 11175 | D:10     | Found a shadowy altar of Dithmenos.
 11175 | D:10     | Found an opulent altar of Gozag.
 11533 | D:10     | Noticed a sun demon
 11553 | D:10     | HP: 3/77 [sun demon[a kobold demonologist] (21)]
 11553 | D:10     | Mangled by a sun demon

Illustrated notes

Levels and vault maps discovered:
D:1:      dpeg_arrival_short_road, layout_basic, serial_shops, shop
D:2:      layout_basic
D:3:      kennysheep_big_flooded_room, layout_loops_ring,
          nicolae_elyvilon_peaceful_grove
D:4:      layout_loops_ring, nicolae_qazlal_scattered_showers,
          minmay_temple_entry_trees, uniq_blork_the_orc
D:5:      layout_loops_ring, trog_ov_bears_minmay, fiery_altar_vehumet
D:6:      layout_basic, serial_shops, nicolae_shop_waterfront,
          nicolae_shop_stone, uniq_edmund, uniq_grinder
D:7:      layout_gridville, mainiacjoe_overflow_alcove_1,
          mainiacjoe_overflow_small_starburst
D:8:      layout_gridville, erik_lair_island, chequers_serial_rivers_large_b
D:9:      layout_cross, nicolae_wu_jian_immortal_techniques, ashenzari_altar_1,
          marbit_many_paths, chequers_decorated_corner, st_stairs_14,
          serial_bayou_crossing, uniq_joseph
D:10:     wad_woods_minihive, layout_stronghold,
          gammafunk_temple_overflow_forgotten
Temple:   eino_temple_lava

Skill      XL: |  1  2  3  4  5  6  7  8  9 10 11 |
---------------+----------------------------------+-----
Dodging        | 3 4 5 6 8 9 10 | 10.6
Transmutations | 3 4 5 6 7 8 |  8.5
Unarmed Combat | 4 5 6 8 9 |  9.4
Polearms       | 1 2 3 4 5 6 7 |  7.6
Ice Magic      | 1 2 4 5 6 |  6.5
Stealth        | 1 2 3 |  3.8
Fighting       | 2 3 4 |  4.2
Spellcasting   | 3 4 |  4.6
Throwing       | |  0.1
Evocations     | |  0.3

Action                   |  1- 3 |  4- 6 |  7- 9 | 10-12 || total
-------------------------+-------+-------+-------+-------++-------
Melee: Spear             |    56 |   132 |   208 |   160 ||   556
       Headbutt          |     9 |     4 |       |     3 ||    16
       Punch             |       |     6 |     8 |     6 ||    20
       Unarmed           |       |    17 |   105 |    76 ||   198
       Tailslap          |       |       |       |     2 ||     2
Throw: Dart              |       |       |     1 |       ||     1
 Cast: Beastly Appendage |    15 |    11 |       |     2 ||    28
       Ice Form          |       |     2 |    13 |     7 ||    22
       Wereblood         |       |       |     5 |     3 ||     8
 Abil: End Transformatio |       |       |       |     2 ||     2
Evoke: Wand              |       |       |     1 |     6 ||     7
  Use: Scroll            |       |     1 |     9 |     5 ||    15
       Potion            |       |     1 |     4 |     3 ||     8
 Stab: Sleeping          |       |     1 |     3 |     5 ||     9
       Distracted        |       |       |       |     1 ||     1
Armor: Robe              |     6 |    16 |    39 |    34 ||    95
       Skin              |       |    12 |    33 |    53 ||    98
Dodge: Dodged            |    30 |    62 |   198 |   357 ||   647
